 Dungeon Crawl Stone Soup version 0.23.0-3-gf3c87f2 (webtiles) character file.

Game seed: 14867046776132498187

2597 poirepourri the Cleaver (level 9, -4/70 HPs)
             Began as a Minotaur Fighter on Feb 23, 2019.
             Slain by Grum
             ... wielding a +1 spear
              (7 damage)
             ... on level 8 of the Dungeon.
             The game lasted 00:07:36 (6272 turns).

poirepourri the Cleaver (Minotaur Fighter)          Turns: 6272, Time: 00:07:36

Health: -4/70      AC:  7    Str: 23    XL:     9   Next: 33%
Magic:  8/8        EV:  7    Int:  5    God:
Gold:   289        SH: 10    Dex: 13    Spells: 8/8 levels left

rFire    . . .     SeeInvis .   z - +5 war axe (vamp)
rCold    . . .     Gourm    .   c - +0 shield
rNeg     . . .     Faith    .   t - +1 scale mail
rPois    .         Spirit   .   (helmet restricted)
rElec    .         Reflect  .   (no cloak)
rCorr    .         Harm     .   (no gloves)
MR       .....                  (no boots)
Stlth    ..........             (no amulet)
HPRegen  0.21/turn              o - +2 ring of strength
MPRegen  0.11/turn              x - +4 ring of slaying

@: no status effects
A: retaliatory headbutt, horns 2
a: no special abilities


You were on level 8 of the Dungeon.
You were not hungry.

You visited 2 branches of the dungeon, and saw 9 of its levels.

You collected 289 gold pieces.

Inventory:

Hand Weapons
 b - a +0 hand crossbow
 z - a +5 vampiric war axe (weapon)
Missiles
 e - 48 bolts
Armour
 c - a +0 shield (worn)
 t - a +1 scale mail (worn)
Jewellery
 h - an uncursed ring of positive energy
 j - an uncursed ring of ice
 o - a +2 ring of strength (left hand)
 q - an uncursed ring of positive energy
 x - a +4 ring of slaying (right hand)
 y - a +3 ring of intelligence {unknown}
Wands
 n - a wand of flame (48)
 p - a wand of paralysis (9)
Scrolls
 a - a scroll of amnesia
 f - 4 scrolls of teleportation
 k - 2 scrolls of fear
 m - 3 scrolls of fog
 u - a scroll of remove curse
 v - a scroll of identify
Potions
 d - a potion of might
 g - a potion of ambrosia
 i - a potion of mutation
 l - a potion of haste
 r - 2 potions of curing
 s - 2 potions of heal wounds
Comestibles
 w - 3 rations


   Skills:
 - Level 3.6 Fighting
 + Level 14.5 Axes
 - Level 3.6 Armour
 - Level 3.6 Shields


You had 8 spell levels left.
You didn't know any spells.
Your spell library contained the following spells:

 Spells                   Type           Power        Failure   Level  Hunger
 Flame Tongue             Conj/Fire      #....        99%         1    ##.....
 Throw Flame              Conj/Fire      #.....       100%        2    ###....
 Conjure Flame            Conj/Fire      #.......     100%        3    ####...
 Inner Flame              Hex/Fire       #.......     100%        3    ####...
 Sticky Flame             Conj/Fire      #.......     100%        4    #####..
 Fireball                 Conj/Fire      #.........   100%        5    ######.


Dungeon Overview and Level Annotations

Branches:
Dungeon (8/15)             Temple (1/1) D:6
   Lair: D:8-11

Altars:
Ashenzari
Cheibriados
Dithmenos
Elyvilon
Fedhas
Hepliaklqana
Kikubaaqudgha
Makhleb
Nemelex Xobeh
Okawaru
Qazlal
Sif Muna
Trog
Uskayaw
Vehumet
Xom
Yredelemnul
Zin
The Shining One

Shops:
D:5 (

Annotations:
D:8 Grum


Innate Abilities, Weirdness & Mutations

You reflexively headbutt those who attack you in melee.
You have a pair of horns on your head.


Message History

You barely miss the wolf.
The wolf is heavily wounded.
The wolf barely misses you. You block the wolf's attack.
You block Grum's attack.
Your scale mail prevents you from hitting the wolf.
Your headbutt misses the wolf.
The wolf is heavily wounded.
You block the wolf's attack.
Grum hits you from afar with a +1 spear.
* * * LOW HITPOINT WARNING * * *
You closely miss the wolf. Your headbutt misses the wolf.
The wolf is heavily wounded.
The wolf barely misses you. You furiously retaliate!
You headbutt the wolf!!
You kill the wolf!
Grum hits you from afar with a +1 spear!
* * * LOW HITPOINT WARNING * * *
Unknown command.
Unknown command.
Grum hits you with a +1 spear!
You die...

.. . . ##. ..# ##
##.########)# .##
..........#.# ..#
.#.###..#.#!##..#
#.......@?.#
#...##.##g.#
#...<#........
#.########..#.#
... #.# # #.#. .#
#.#. . # #. ..


You could see Grum.

Vanquished Creatures
  A hippogriff (D:7)
  2 sky beasts (D:6)
  2 orc warriors (D:7)
  2 ogres
  4 wolves (D:8)
  A centaur (D:7)
  3 bullfrogs
  2 scorpions
  A howler monkey (D:5)
  3 wights (D:7)
  3 crimson imps
  A hound (D:5)
  A centaur skeleton (D:4)
  2 orc priests
  5 orc wizards
  2 iguanas (D:7)
  7 worker ants
  Terence (D:2)
  18 gnolls
  12 adders
  A shadow imp (D:6)
  An ooze (D:6)
  An adder skeleton (D:5)
  A worm (D:6)
  2 dart slugs
  7 leopard geckos
  14 orcs
  3 giant cockroaches (D:1)
  16 goblins
  7 hobgoblins
  5 jackals
  4 quokkas
  2 ball pythons (D:2)
  3 bats
  3 frilled lizards
  A giant cockroach zombie (D:5)
  8 kobolds
  6 rats
158 creatures vanquished.

Notes
Turn   | Place    | Note
-------+----------+-------------------------------------------
     0 | D:1      | poirepourri the Minotaur Fighter began the quest for the
                  | Orb.
     0 | D:1      | Reached XP level 1. HP: 19/19 MP: 0/0
     9 | D:1      | Reached skill level 3 in Axes
     9 | D:1      | Reached XP level 2. HP: 7/26 MP: 1/1
   360 | D:1      | Reached skill level 4 in Axes
   525 | D:1      | Reached XP level 3. HP: 31/31 MP: 2/2
   944 | D:2      | Reached skill level 5 in Axes
   947 | D:2      | Reached XP level 4. HP: 22/39 MP: 3/3
  1044 | D:2      | Found a sparkling altar of Nemelex Xobeh.
  1117 | D:2      | Noticed Terence
  1128 | D:2      | Killed Terence
  1128 | D:2      | Reached skill level 6 in Axes
  1170 | D:2      | Found a bloodstained altar of Trog.
  1170 | D:2      | Found a faded altar of an unknown god.
  1307 | D:2      | Found a faded altar of an unknown god.
  1309 | D:2      | Found a deep blue altar of Sif Muna.
  1310 | D:2      | Found a white marble altar of Elyvilon.
  1616 | D:3      | Reached XP level 5. HP: 36/45 MP: 4/4
  1828 | D:3      | Found a shimmering altar of Xom.
  1830 | D:3      | Found a shimmering altar of Xom.
  1831 | D:3      | Found a shimmering altar of Xom.
  2020 | D:3      | Found a shimmering altar of Xom.
  2028 | D:3      | Found a shimmering altar of Xom.
  2226 | D:3      | Found a hazy altar of Hepliaklqana.
  2285 | D:4      | Found a blossoming altar of Fedhas.
  2286 | D:4      | Found a stormy altar of Qazlal.
  2303 | D:4      | Reached skill level 7 in Axes
  2738 | D:4      | Reached XP level 6. HP: 49/51 MP: 5/5
  2777 | D:4      | Reached skill level 8 in Axes
  2851 | D:4      | Reached skill level 9 in Axes
  3171 | D:4      | Reached XP level 7. HP: 55/57 MP: 6/6
  3599 | D:5      | Entered Level 5 of the Dungeon
  3723 | D:5      | Found a blossoming altar of Fedhas.
  3901 | D:5      | Reached skill level 10 in Axes
  4033 | D:5      | Found Kiot's Antique Weapon Emporium.
  4659 | D:6      | Found a staircase to the Ecumenical Temple.
  4835 | D:6      | Found a shadowy altar of Dithmenos.
  4847 | D:6      | Reached skill level 11 in Axes
  4847 | D:6      | Reached XP level 8. HP: 58/64 MP: 7/7
  4945 | D:6      | Found a hide-covered altar of Uskayaw.
  5276 | Temple   | Entered the Ecumenical Temple
  5592 | D:7      | Reached skill level 12 in Axes
  5643 | D:7      | Noticed a hippogriff
  5652 | D:7      | Killed a hippogriff
  5652 | D:7      | Reached skill level 13 in Axes
  5689 | D:7      | Reached XP level 9. HP: 31/70 MP: 8/8
  6138 | D:7      | Found an iron altar of Okawaru.
  6179 | D:7      | Reached skill level 14 in Axes
  6257 | D:8      | Noticed Grum
  6271 | D:8      | HP: 3/70 [Grum/+1 spear (12)]
  6272 | D:8      | Slain by Grum

Skill      XL: |  1  2  3  4  5  6  7  8  9 |
---------------+----------------------------+-----
Axes           | 3 4 5 6 7 9 11 13 14 | 14.5
Fighting       | |  3.6
Armour         | |  3.6
Shields        | |  3.6

Action                   |  1- 3 |  4- 6 |  7- 9 || total
-------------------------+-------+-------+-------++-------
Melee: War axe           |    75 |    28 |    74 ||   177
       Headbutt          |    14 |    17 |    27 ||    58
       Hand axe          |       |   110 |   123 ||   233
 Fire: Hand crossbow     |       |       |     4 ||     4
Evoke: Wand              |       |     2 |     8 ||    10
  Use: Scroll            |     4 |     7 |    12 ||    23
       Potion            |       |     4 |       ||     4
  Eat: Ration            |       |     2 |     5 ||     7
Armor: Scale mail        |    34 |    51 |    54 ||   139
Dodge: Dodged            |    29 |    29 |    33 ||    91
Block: Shield            |    42 |    54 |    83 ||   179
